General information
			
			
        
        - name: BNet
 
        - type: Ladder team game (AT/RT)
 
        - host: Battle.net
 
        - saver: nutsonyochin.DE
 
        
map: GoldRush 
        - players: 8
 
        - length: 32:07
 
        - speed: Fast
 - version: 1.21 W3XP
 - replay type:  

 
» download(330 KB)
Players
        team 1 (loser) 
              
              
» 
AdC-Guru (
teal | 73 APM | 2334 actions | 31:55)
              
 4 Blademaster 
 2 Wind Walk
 2 Critical Strike
 3 Tauren Chieftain 
 2 Shockwave
 1 Endurance Aura
 
                » actions 
                
                | Assign group hotkey | 21 |  | 
| Basic commands | 7 |  | 
| Build / train | 99 |  | 
| Enter build submenu | 35 |  | 
| Enter hero's abilities submenu | 7 |  | 
| Give item / drop item | 1 |  | 
| Remove unit from queue | 4 |  | 
| Right click | 1240 |  | 
| Select / deselect | 369 |  | 
| Select group hotkey | 426 |  | 
| Use ability | 125 |  | 
                2334 total
 » units 
                
                | Peon | 28 |  | 
| Grunt | 4 |  | 
| Demolisher | 3 |  | 
| Wind Rider | 4 |  | 
| Raider | 1 |  | 
| Troll Batrider | 9 |  | 
| Shaman | 8 |  | 
                57 total
 » upgrades
                
                | Envenomed Spears | 1 |  | 
| Reinforced Defenses | 1 |  | 
| Ensnare | 1 |  | 
| Shaman Training | 2 |  | 
                5 total
 » buildings
                
                | Altar of Storms | 1 |  | 
| Orc Burrow | 7 |  | 
| Voodoo Lounge | 1 |  | 
| Barracks | 2 |  | 
| Stronghold | 1 |  | 
| War Mill | 1 |  | 
| Fortress | 1 |  | 
| Watch Tower | 6 |  | 
| Beastiary | 3 |  | 
| Great Hall | 7 |  | 
| Spirit Lodge | 1 |  | 
                31 total
 » build order
                00:07 Altar of Storms
00:19 Orc Burrow
00:39 Voodoo Lounge
01:39 Orc Burrow
02:01 Barracks
03:12 Stronghold
03:57 War Mill
04:37 Orc Burrow
04:38 Orc Burrow
06:00 Barracks
06:03 Orc Burrow
09:50 Fortress
09:54 Watch Tower
09:59 Beastiary
10:01 Beastiary
11:05 Beastiary
11:10 Great Hall
11:21 Spirit Lodge
12:21 Watch Tower
12:42 Great Hall
13:42 Watch Tower
14:36 Great Hall
14:40 Watch Tower
14:42 Watch Tower
14:43 Watch Tower
17:42 Great Hall
19:57 Orc Burrow
26:52 Orc Burrow
27:43 Great Hall
28:20 Great Hall
31:38 Great Hall
» items
                
                | Healing Salve | 5 |  | 
| Lesser Clarity Potion | 4 |  | 
| Scroll of Speed | 3 |  | 
| Orb of Lightning | 1 |  | 
| Scroll of Town Portal | 8 |  | 
| Potion of Healing | 1 |  | 
                22 total
  
               
              
              
» 
MaStaHHHHHHHHHH (
purple | 131 APM | 4190 actions | 32:00)
              
 5 Blademaster 
 2 Wind Walk
 3 Critical Strike
 2 Tauren Chieftain 
 1 Shockwave
 1 Endurance Aura
 
                » actions 
                
                | Assign group hotkey | 49 |  | 
| Basic commands | 29 |  | 
| Build / train | 43 |  | 
| Enter build submenu | 13 |  | 
| Enter hero's abilities submenu | 7 |  | 
| Right click | 2049 |  | 
| Select / deselect | 609 |  | 
| Select group hotkey | 1258 |  | 
| Use ability | 133 |  | 
                4190 total
 » units 
                » buildings
                
                | Altar of Storms | 1 |  | 
| Orc Burrow | 3 |  | 
| Barracks | 4 |  | 
| Voodoo Lounge | 1 |  | 
| Stronghold | 1 |  | 
| War Mill | 1 |  | 
                11 total
 » build order
                00:08 Altar of Storms
00:19 Orc Burrow
00:35 Barracks
01:32 Orc Burrow
01:59 Voodoo Lounge
03:43 Stronghold
04:01 Orc Burrow
06:13 War Mill
06:58 Barracks
07:01 Barracks
07:18 Barracks
» items
                
                | Lesser Clarity Potion | 4 |  | 
| Healing Salve | 4 |  | 
| Orb of Lightning | 1 |  | 
                9 total
  
               
              
              
» 
NiGhT]ReBorn (
yellow | 136 APM | 4358 actions | 32:05)
              
 3 Death Knight 
 2 Death Coil
 1 Unholy Aura
 3 Lich 
 2 Frost Nova
 1 Frost Armor
 
                » actions 
                
                | Assign group hotkey | 54 |  | 
| Basic commands | 1 |  | 
| Build / train | 81 |  | 
| Enter build submenu | 23 |  | 
| Enter hero's abilities submenu | 6 |  | 
| Remove unit from queue | 3 |  | 
| Right click | 1719 |  | 
| Select / deselect | 546 |  | 
| Select group hotkey | 1836 |  | 
| Use ability | 89 |  | 
                4358 total
 » units 
                
                | Acolyte | 11 |  | 
| Ghoul | 5 |  | 
| Crypt Fiend | 15 |  | 
| Meatwagon | 8 |  | 
| Abomination | 5 |  | 
| Gargoyle | 1 |  | 
                45 total
 » upgrades
                
                | Creature Attack | 3 |  | 
| Disease Cloud | 1 |  | 
| Burrow | 1 |  | 
| Web | 1 |  | 
| Creature Carapace | 1 |  | 
                7 total
 » buildings
                
                | Graveyard | 1 |  | 
| Crypt | 2 |  | 
| Altar of Darkness | 1 |  | 
| Ziggurat | 10 |  | 
| Tomb of Relics | 1 |  | 
| Nerubian Tower | 3 |  | 
| Halls of the Dead | 1 |  | 
| Spirit Tower | 5 |  | 
| Slaughterhouse | 2 |  | 
| Black Citadel | 1 |  | 
| Necropolis | 1 |  | 
| Sacrificial Pit | 1 |  | 
                29 total
 » build order
                00:18 Graveyard
00:20 Crypt
00:54 Altar of Darkness
01:05 Ziggurat
01:31 Tomb of Relics
02:10 Ziggurat
03:13 Nerubian Tower
05:22 Ziggurat
06:08 Ziggurat
06:09 Ziggurat
06:19 Halls of the Dead
07:29 Crypt
08:12 Spirit Tower
08:13 Nerubian Tower
08:14 Nerubian Tower
08:26 Ziggurat
09:00 Slaughterhouse
10:10 Slaughterhouse
10:29 Black Citadel
12:15 Ziggurat
23:00 Necropolis
25:27 Sacrificial Pit
25:28 Ziggurat
25:29 Ziggurat
25:30 Ziggurat
26:13 Spirit Tower
26:24 Spirit Tower
26:26 Spirit Tower
26:39 Spirit Tower
» items
                
                | Rod of Necromancy | 2 |  | 
| Dust of Appearance | 1 |  | 
| Scroll of Town Portal | 4 |  | 
| Orb of Corruption | 1 |  | 
| Potion of Mana | 1 |  | 
                9 total
  
               
              
              
» 
plopLeViole (
orange | 115 APM | 3677 actions | 31:51)
              
 4 Warden 
 2 Shadow Strike
 2 Blink
 4 Pandaren Brewmaster 
 2 Breath of Fire
 2 Drunken Haze
 
                » actions 
                
                | Assign group hotkey | 42 |  | 
| Basic commands | 138 |  | 
| Build / train | 47 |  | 
| ESC pressed | 5 |  | 
| Enter build submenu | 23 |  | 
| Enter hero's abilities submenu | 9 |  | 
| Give item / drop item | 5 |  | 
| Right click | 1192 |  | 
| Select / deselect | 673 |  | 
| Select group hotkey | 1388 |  | 
| Use ability | 155 |  | 
                3677 total
 » units 
                » upgrades
                » buildings
                
                | Altar of Elders | 1 |  | 
| Moon Well | 9 |  | 
| Ancient of War | 2 |  | 
| Tree of Ages | 1 |  | 
| Hunter's Hall | 1 |  | 
| Tree of Eternity | 1 |  | 
| Ancient of Lore | 2 |  | 
| Tree of Life | 2 |  | 
                19 total
 » build order
                00:10 Altar of Elders
00:14 Moon Well
01:22 Moon Well
01:35 Ancient of War
01:49 Ancient of War
02:14 Moon Well
03:17 Tree of Ages
04:08 Moon Well
06:37 Hunter's Hall
07:25 Tree of Eternity
07:48 Ancient of Lore
08:00 Ancient of Lore
09:28 Tree of Life
12:00 Moon Well
13:13 Moon Well
13:26 Moon Well
16:47 Moon Well
16:49 Moon Well
21:51 Tree of Life
» items
                
                | Healing Salve | 1 |  | 
| Lesser Clarity Potion | 1 |  | 
| Boots of Speed | 2 |  | 
| Staff of Teleportation | 2 |  | 
| Potion of Lesser Invulnerability | 1 |  | 
| Potion of Healing | 1 |  | 
                8 total
  
               team 2 (winner) 
              
              
Gobiner (
red | 46 APM | 1477 actions | 32:06)
              
 5 Blademaster 
 3 Wind Walk
 2 Critical Strike
 
                » actions 
                
                | Assign group hotkey | 15 |  | 
| Basic commands | 38 |  | 
| Build / train | 74 |  | 
| ESC pressed | 4 |  | 
| Enter build submenu | 74 |  | 
| Enter hero's abilities submenu | 5 |  | 
| Give item / drop item | 1 |  | 
| Right click | 581 |  | 
| Select / deselect | 262 |  | 
| Select group hotkey | 257 |  | 
| Use ability | 166 |  | 
                1477 total
 » units 
                
                | Peon | 22 |  | 
| Grunt | 9 |  | 
| Troll Batrider | 5 |  | 
                36 total
 » upgrades
                
                | Spiked Barricades | 1 |  | 
| Troll Regeneration | 1 |  | 
| Ranged Weapons | 3 |  | 
| Armor | 2 |  | 
| Liquid Fire | 1 |  | 
                8 total
 » buildings
                
                | Altar of Storms | 1 |  | 
| Orc Burrow | 3 |  | 
| Barracks | 1 |  | 
| War Mill | 1 |  | 
| Watch Tower | 65 |  | 
| Voodoo Lounge | 2 |  | 
| Stronghold | 1 |  | 
| Fortress | 1 |  | 
| Great Hall | 2 |  | 
| Beastiary | 3 |  | 
                80 total
 » build order
                00:08 Altar of Storms
00:16 Orc Burrow
00:28 Barracks
01:30 Orc Burrow
02:19 War Mill
03:55 Watch Tower
03:58 Watch Tower
03:59 Watch Tower
04:13 Watch Tower
05:15 Voodoo Lounge
05:17 Watch Tower
05:22 Watch Tower
05:37 Stronghold
06:28 Watch Tower
06:39 Watch Tower
06:42 Watch Tower
09:04 Watch Tower
09:48 Watch Tower
09:49 Watch Tower
09:51 Watch Tower
09:56 Fortress
10:27 Watch Tower
11:06 Watch Tower
11:07 Watch Tower
11:38 Watch Tower
12:08 Great Hall
12:25 Watch Tower
12:47 Watch Tower
13:30 Watch Tower
13:48 Watch Tower
14:36 Watch Tower
15:05 Watch Tower
15:07 Watch Tower
15:09 Watch Tower
15:09 Watch Tower
15:10 Watch Tower
15:11 Watch Tower
15:12 Watch Tower
15:13 Watch Tower
15:48 Beastiary
16:28 Watch Tower
16:35 Beastiary
17:06 Beastiary
17:29 Orc Burrow
17:35 Watch Tower
17:36 Watch Tower
19:40 Watch Tower
19:42 Watch Tower
20:10 Voodoo Lounge
23:23 Watch Tower
23:24 Watch Tower
23:26 Watch Tower
23:27 Watch Tower
23:28 Watch Tower
24:26 Watch Tower
24:27 Watch Tower
24:28 Watch Tower
24:29 Watch Tower
24:37 Great Hall
25:42 Watch Tower
25:43 Watch Tower
25:44 Watch Tower
25:45 Watch Tower
26:22 Watch Tower
27:26 Watch Tower
27:33 Watch Tower
27:53 Watch Tower
27:54 Watch Tower
28:07 Watch Tower
28:19 Watch Tower
29:23 Watch Tower
29:24 Watch Tower
29:25 Watch Tower
29:30 Watch Tower
29:31 Watch Tower
30:36 Watch Tower
30:37 Watch Tower
30:39 Watch Tower
30:43 Watch Tower
30:46 Watch Tower
» items
                
                | Lesser Clarity Potion | 7 |  | 
| Healing Salve | 4 |  | 
| Potion of Mana | 4 |  | 
| Potion of Healing | 2 |  | 
| Orb of Lightning | 1 |  | 
| Boots of Speed | 1 |  | 
| Staff of Teleportation | 1 |  | 
                20 total
  
               
              
              
iNT]DOGANDHORSE (
blue | 114 APM | 3644 actions | 32:06)
              
 6 Death Knight 
 3 Death Coil
 3 Unholy Aura
 5 Lich 
 3 Frost Nova
 2 Frost Armor
 
                » actions 
                
                | Assign group hotkey | 30 |  | 
| Basic commands | 12 |  | 
| Build / train | 85 |  | 
| Enter build submenu | 28 |  | 
| Enter hero's abilities submenu | 12 |  | 
| Give item / drop item | 2 |  | 
| Remove unit from queue | 4 |  | 
| Right click | 2351 |  | 
| Select / deselect | 458 |  | 
| Select group hotkey | 543 |  | 
| Use ability | 119 |  | 
                3644 total
 » units 
                
                | Acolyte | 14 |  | 
| Ghoul | 2 |  | 
| Crypt Fiend | 17 |  | 
| Obsidian Statue | 3 |  | 
| Frost Wyrm | 5 |  | 
| Abomination | 2 |  | 
                43 total
 » upgrades
                
                | Creature Attack | 3 |  | 
| Creature Carapace | 3 |  | 
| Burrow | 1 |  | 
| Web | 1 |  | 
| Freezing Breath | 1 |  | 
                9 total
 » buildings
                
                | Crypt | 1 |  | 
| Graveyard | 1 |  | 
| Ziggurat | 6 |  | 
| Altar of Darkness | 1 |  | 
| Tomb of Relics | 1 |  | 
| Nerubian Tower | 3 |  | 
| Halls of the Dead | 1 |  | 
| Slaughterhouse | 2 |  | 
| Black Citadel | 1 |  | 
| Sacrificial Pit | 1 |  | 
| Boneyard | 1 |  | 
| Necropolis | 5 |  | 
| Spirit Tower | 1 |  | 
                25 total
 » build order
                00:15 Crypt
00:19 Graveyard
00:40 Ziggurat
00:59 Altar of Darkness
01:07 Ziggurat
02:09 Tomb of Relics
03:36 Ziggurat
03:42 Nerubian Tower
05:52 Halls of the Dead
07:34 Ziggurat
08:55 Slaughterhouse
08:55 Slaughterhouse
11:51 Black Citadel
12:47 Sacrificial Pit
15:28 Boneyard
17:16 Necropolis
19:19 Ziggurat
19:19 Ziggurat
20:29 Spirit Tower
20:30 Nerubian Tower
20:34 Necropolis
25:03 Necropolis
25:12 Necropolis
25:46 Necropolis
» items
                
                | Dust of Appearance | 1 |  | 
| Rod of Necromancy | 1 |  | 
| Potion of Healing | 2 |  | 
| Scroll of Town Portal | 5 |  | 
| Staff of Preservation | 1 |  | 
                10 total
  
               
              
              
» 
nutsonyochin.DE (
pink | 144 APM | 4620 actions | 32:07)
              
 6 Demon Hunter 
 3 Mana Burn
 2 Evasion
 1 Metamorphosis
 6 Keeper of the Grove 
 3 Entangling Roots
 3 Thorns Aura
 
                » actions 
                
                | Assign group hotkey | 32 |  | 
| Basic commands | 103 |  | 
| Build / train | 71 |  | 
| ESC pressed | 2 |  | 
| Enter build submenu | 19 |  | 
| Enter hero's abilities submenu | 12 |  | 
| Give item / drop item | 1 |  | 
| Right click | 2025 |  | 
| Select / deselect | 416 |  | 
| Select group hotkey | 1830 |  | 
| Use ability | 109 |  | 
                4620 total
 » units 
                » upgrades
                
                | Abolish Magic | 1 |  | 
| Druid of the Claw Training | 1 |  | 
| Well Spring | 1 |  | 
| Ultravision | 1 |  | 
| Strength of the Wild | 2 |  | 
| Reinforced Hides | 2 |  | 
| Nature's Blessing | 1 |  | 
                9 total
 » buildings
                
                | Altar of Elders | 1 |  | 
| Moon Well | 6 |  | 
| Hunter's Hall | 1 |  | 
| Ancient of War | 1 |  | 
| Tree of Ages | 1 |  | 
| Ancient of Lore | 2 |  | 
| Tree of Life | 5 |  | 
| Tree of Eternity | 1 |  | 
| Ancient of Wonders | 1 |  | 
| Ancient of Wind | 1 |  | 
                20 total
 » build order
                00:06 Altar of Elders
00:13 Moon Well
01:37 Hunter's Hall
01:47 Ancient of War
02:00 Moon Well
03:04 Tree of Ages
03:40 Moon Well
05:30 Ancient of Lore
05:30 Ancient of Lore
06:02 Moon Well
08:34 Moon Well
09:20 Tree of Life
10:42 Moon Well
11:56 Tree of Eternity
13:05 Ancient of Wonders
13:11 Ancient of Wind
15:22 Tree of Life
17:02 Tree of Life
19:53 Tree of Life
29:02 Tree of Life
» items
                
                | Scroll of Town Portal | 3 |  | 
| Orb of Venom | 2 |  | 
| Potion of Healing | 4 |  | 
| Staff of Preservation | 1 |  | 
                10 total
  
               
              
              
westonb (
green | 48 APM | 1550 actions | 32:06)
              
 1 Archmage 
 1 Blizzard
 1 Paladin 
 1 Holy Light
 
                » actions 
                
                | Assign group hotkey | 2 |  | 
| Basic commands | 44 |  | 
| Build / train | 76 |  | 
| ESC pressed | 8 |  | 
| Enter build submenu | 37 |  | 
| Enter hero's abilities submenu | 2 |  | 
| Right click | 872 |  | 
| Select / deselect | 353 |  | 
| Select group hotkey | 34 |  | 
| Use ability | 122 |  | 
                1550 total
 » units 
                
                | Peasant | 22 |  | 
| Dragonhawk Rider | 2 |  | 
| Sorceress | 1 |  | 
| Priest | 1 |  | 
                26 total
 » upgrades
                
                | Magic Sentry | 1 |  | 
| Sorceress Training | 1 |  | 
| Priest Training | 1 |  | 
| Masonry | 1 |  | 
| Cloud | 1 |  | 
                5 total
 » buildings
                
                | Altar of Kings | 1 |  | 
| Farm | 7 |  | 
| Lumber Mill | 1 |  | 
| Scout Tower | 36 |  | 
| Guard Tower | 22 |  | 
| Arcane Tower | 5 |  | 
| Keep | 1 |  | 
| Arcane Sanctum | 1 |  | 
| Castle | 1 |  | 
| Gryphon Aviary | 1 |  | 
| Arcane Vault | 1 |  | 
| Blacksmith | 1 |  | 
                78 total
 » build order
                00:05 Altar of Kings
00:08 Farm
00:28 Lumber Mill
00:43 Scout Tower
01:13 Scout Tower
01:23 Farm
01:48 Scout Tower
01:56 Guard Tower
02:12 Farm
02:23 Guard Tower
02:25 Scout Tower
02:55 Guard Tower
02:56 Guard Tower
02:58 Scout Tower
03:05 Arcane Tower
03:40 Guard Tower
03:41 Arcane Tower
03:45 Scout Tower
04:35 Scout Tower
04:37 Scout Tower
04:38 Scout Tower
04:39 Scout Tower
05:15 Guard Tower
05:36 Guard Tower
05:44 Arcane Tower
06:00 Scout Tower
06:25 Guard Tower
06:30 Guard Tower
06:48 Scout Tower
06:53 Arcane Tower
07:16 Guard Tower
07:19 Scout Tower
08:10 Scout Tower
08:29 Guard Tower
08:42 Keep
09:48 Scout Tower
10:33 Guard Tower
11:34 Scout Tower
11:42 Arcane Sanctum
11:49 Castle
11:52 Gryphon Aviary
11:55 Scout Tower
12:03 Arcane Tower
12:07 Scout Tower
12:08 Scout Tower
12:44 Guard Tower
12:51 Guard Tower
12:53 Scout Tower
12:54 Scout Tower
13:03 Farm
13:11 Farm
13:19 Farm
13:23 Guard Tower
13:28 Scout Tower
13:30 Scout Tower
13:32 Scout Tower
13:45 Guard Tower
14:29 Guard Tower
14:35 Guard Tower
14:54 Scout Tower
15:15 Arcane Vault
15:25 Guard Tower
15:28 Scout Tower
15:30 Scout Tower
16:54 Farm
17:02 Guard Tower
17:08 Blacksmith
17:41 Scout Tower
17:42 Scout Tower
17:44 Scout Tower
19:08 Scout Tower
19:10 Scout Tower
19:11 Scout Tower
19:12 Scout Tower
19:13 Scout Tower
19:14 Scout Tower
20:37 Guard Tower
21:07 Guard Tower
» items
                
                | Healing Salve | 2 |  | 
| Potion of Healing | 2 |  | 
| Lesser Clarity Potion | 5 |  | 
| Potion of Mana | 1 |  | 
| Orb of Lightning | 1 |  | 
| Tiny Great Hall | 1 |  | 
                12 total
  
                Chat log
          (00:02 / All) plopLeViole: coucou
(00:10 / All) AdC-Guru: kikou
(00:13 / All) MaStaHHHHHHHHHH: io
(00:14 / All) NiGhT]ReBorn: coucou les fdp
(00:22 / Allies) westonb: im too slow now
(00:38 / All) NiGhT]ReBorn: tu reponds fdp ?
(00:41 / Allies) westonb: that was my mic before btw, is it ok now?
(00:44 / All) nutsonyochin.DE: shut the fuck up and surrender bitch
(01:13 / All) NiGhT]ReBorn: go suck your father's dick loser
(01:31 / All) AdC-Guru: XD
(02:25 / All) AdC-Guru: tapeete ?
(02:44 / All) MaStaHHHHHHHHHH: tou souce poullll oune b.n ?
(02:49 / All) westonb: shmutzig franzoesichi
(02:51 / All) iNT]DOGANDHORSE: french trash
(02:54 / All) iNT]DOGANDHORSE: shut it
(13:28 / All) AdC-Guru: XD
(15:55 / Allies) westonb: trying
(16:22 / Allies) nutsonyochin.DE: get units please
(16:29 / Allies) nutsonyochin.DE: air knights casters whatever
(16:31 / Allies) nutsonyochin.DE: just get something
(25:01 / Allies) westonb: i need some help gob
(25:44 / Allies) westonb: ugh
(28:49 / Allies) nutsonyochin.DE: gold
(28:50 / Allies) nutsonyochin.DE: for expo
(28:51 / Allies) nutsonyochin.DE: pls
(28:56 / Allies) westonb: i only have 140
(28:58 / Allies) westonb: and no heros
(29:09 / All) iNT]DOGANDHORSE: gg shit trash
(30:00 / All) nutsonyochin.DE: im franz kafka bitch
(30:30 / All) iNT]DOGANDHORSE: well
(30:31 / All) iNT]DOGANDHORSE: leave
(30:32 / All) iNT]DOGANDHORSE: 2v3
(30:38 / All) iNT]DOGANDHORSE: and team timg bear Own You
(30:45 / All) NiGhT]ReBorn: stfu you win cause of unlucky tp
(30:52 / All) iNT]DOGANDHORSE: stfu i win cause you Suck 
(30:56 / All) plopLeViole: coz maybe u think we play with our real race and our best xD
(30:59 / Allies) westonb: i have one hawk
(31:11 / All) nutsonyochin.DE: keep making fiends bro
(31:21 / All) MaStaHHHHHHHHHH: SON OF HELL
(31:59 / All) MaStaHHHHHHHHHH: SON OF HELL
(32:04 / All) NiGhT]ReBorn: play loto